PAAA
ROYSE CITY TARGARYENS @ FLORIDA MEN
09/15/2023
 
TOP OF THE 1ST
Royse City Targaryens batting - Pitching for Florida Men : RHP Jeff Krause
Pitching: RHP Jeff Krause
Batting: LHB Eduardo Álvarez 0-0: Foul Ball, location: 2F
0-1: Ball
1-1: Foul Ball, location: 2F
1-2: Ball
2-2: Foul Ball, location: 2F
2-2: Ball
3-2: Foul Ball, location: 2F
3-2: Base on Balls
Batting: LHB Aurelio Aurillo 0-0: Swinging Strike
0-1: Called Strike
Eduardo Álvarez is caught stealing 2nd base
0-2: Fly out, F8 (Flyball, 8RS)
Batting: RHB Javier Chávez 0-0: Ground out 5-3 (Groundball, 56S)
Top of the 1st over - 0 run(s), 0 hit(s), 0 error(s), 0 left on base; Royse City 0 - Florida 0
BOTTOM OF THE 1ST
Florida Men batting - Pitching for Royse City Targaryens : LHP Jared Cox
Pitching: LHP Jared Cox
Batting: RHB Gilberto Patino 0-0: Called Strike
0-1: Ball
1-1: Swinging Strike
1-2: Ball
2-2: Foul Ball, location: 2F
2-2: Ball
3-2: Base on Balls
Batting: RHB Greg Robinson 0-0: Foul Ball, location: 2F
0-1: Ball
1-1: Fielders Choice at 2nd, 1-6 (Groundball, 13S)
Batting: RHB Jim Unknown 0-0: Called Strike
0-1: Foul Ball, location: 2F
0-2: Foul Ball, location: 2F
0-2: Foul Ball, location: 2F
0-2: Ball
1-2: Fly out, F3 (Popup, 3F)
Batting: LHB Bastyão Lizardo 0-0: Called Strike
0-1: Swinging Strike
0-2: Hit by Pitch
Greg Robinson to second
Batting: RHB Pat Ings 0-0: Called Strike
0-1: Ball
1-1: Fly out, F7 (Flyball, 78XD)
Bottom of the 1st over - 0 run(s), 0 hit(s), 0 error(s), 2 left on base; Royse City 0 - Florida 0
TOP OF THE 2ND
Royse City Targaryens batting - Pitching for Florida Men : RHP Jeff Krause
Batting: RHB Héctor Ruíz 0-0: Ball
1-0: SINGLE (Groundball, 56D)
Batting: LHB José Tamayo 0-0: Ball
1-0: Called Strike
1-1: Foul Ball, location: 2F
1-2: Ball
2-2: Ground out U3 (Groundball, 3S)
Héctor Ruíz to second
Batting: LHB Carl Duncan 0-0: Called Strike
0-1: Ball
1-1: Ball
2-1: Swinging Strike
2-2: Strikes out swinging
Batting: LHB Jerry Wilson 0-0: Called Strike
0-1: Ball
1-1: Ball
2-1: SINGLE (Groundball, 56D)
Héctor Ruíz to third
Runner from 3rd tries for Home, SAFE, no throw or cutoff
Batting: RHB Sancho Balderas 0-0: Fly out, F9 (Flyball, 89S)
Top of the 2nd over - 1 run(s), 2 hit(s), 0 error(s), 1 left on base; Royse City 1 - Florida 0
BOTTOM OF THE 2ND
Florida Men batting - Pitching for Royse City Targaryens : LHP Jared Cox
Batting: SHB Luis Gutiérrez 0-0: Ball
1-0: Ground out 5-3 (Groundball, 5S)
Batting: RHB Frank Collins 0-0: Fly out, F4 (Popup, 4D)
Batting: RHB Jim Unknown 0-0: Ball
1-0: Swinging Strike
1-1: Called Strike
1-2: Ball
2-2: Foul Ball, location: 2F
2-2: Ball
3-2: Foul Ball, location: 2F
3-2: Foul Ball, location: 2F
3-2: Ground out 5-3 (Groundball, 5L)
Bottom of the 2nd over - 0 run(s), 0 hit(s), 0 error(s), 0 left on base; Royse City 1 - Florida 0
TOP OF THE 3RD
Royse City Targaryens batting - Pitching for Florida Men : RHP Jeff Krause
Batting: LHB Jorge Garza 0-0: Ball
1-0: Foul Ball, location: 2F
1-1: Ball
2-1: Swinging Strike
2-2: Ground out 1-3 (Groundball, 15)
Batting: LHB Eduardo Álvarez 0-0: Called Strike
0-1: Ball
1-1: Foul Ball, location: 2F
1-2: Ball
2-2: Foul Ball, location: 2F
2-2: Ground out 3-1 (Groundball, 34)
Batting: LHB Aurelio Aurillo 0-0: Foul Ball, location: 2F
0-1: Ball
1-1: Ball
2-1: Ground out 4-3 (Groundball, 4)
Top of the 3rd over - 0 run(s), 0 hit(s), 0 error(s), 0 left on base; Royse City 1 - Florida 0
BOTTOM OF THE 3RD
Florida Men batting - Pitching for Royse City Targaryens : LHP Jared Cox
Batting: RHB Jim Unknown 0-0: Ball
1-0: Fly out, F8 (Flyball, 8LM)
Batting: RHB Gilberto Patino 0-0: Called Strike
0-1: Ball
1-1: Foul Ball, location: 2F
1-2: Foul Ball, location: 2F
1-2: Ball
2-2: Foul Ball, location: 2F
2-2: Strikes out swinging
Batting: RHB Greg Robinson 0-0: Called Strike
0-1: SINGLE (Groundball, 34)
Batting: RHB Jim Unknown 0-0: Called Strike
0-1: Ball
1-1: Fly out, F4 (Popup, 34D)
Bottom of the 3rd over - 0 run(s), 1 hit(s), 0 error(s), 1 left on base; Royse City 1 - Florida 0
TOP OF THE 4TH
Royse City Targaryens batting - Pitching for Florida Men : RHP Jeff Krause
Batting: RHB Javier Chávez 0-0: Ball
1-0: SINGLE (Groundball, 4MD)
Batting: RHB Héctor Ruíz 0-0: Ball
1-0: Fielders Choice at 2nd, 5-4 (Groundball, 56)
Batting: LHB José Tamayo 0-0: Fly out, F4 (Popup, 4MD)
Batting: LHB Carl Duncan 0-0: Ball
1-0: Ball
Héctor Ruíz steals 2nd base
2-0: SINGLE (Line Drive, 9LS)
Héctor Ruíz to third
Runner from 3rd tries for Home, SAFE, no throw or cutoff
Batting: LHB Jerry Wilson 0-0: Reached on error, E1 (Groundball, 15)
Carl Duncan to second
Batting: RHB Sancho Balderas 0-0: Foul Ball, location: 2F
0-1: Foul Ball, location: 2F
0-2: Ball
1-2: Ball
2-2: Ball
3-2: Base on Balls
Carl Duncan to third
Jerry Wilson to second
Batting: LHB Jorge Garza 0-0: SINGLE (Groundball, 13) (infield hit)
Carl Duncan scores
Jerry Wilson to third
Sancho Balderas to second
Batting: LHB Eduardo Álvarez 0-0: Ball
1-0: Ball
2-0: Called Strike
2-1: Called Strike
2-2: SINGLE (Groundball, 34D)
Jerry Wilson scores
Sancho Balderas to third
Jorge Garza to second
Runner from 3rd tries for Home, SAFE, no throw or cutoff
Batting: LHB Aurelio Aurillo 0-0: Ball
1-0: Called Strike
1-1: Called Strike
1-2: SINGLE (Groundball, 4D)
Jorge Garza to third
Eduardo Álvarez to second
Runner from 3rd tries for Home, SAFE, no throw or cutoff
Pitching: LHP José Ybarra
Batting: RHB Javier Chávez 0-0: Ball
1-0: Ball
2-0: Ball
3-0: Called Strike
3-1: Fly out, F9 (Flyball, 9LMF)
Top of the 4th over - 5 run(s), 5 hit(s), 1 error(s), 2 left on base; Royse City 6 - Florida 0
BOTTOM OF THE 4TH
Florida Men batting - Pitching for Royse City Targaryens : LHP Jared Cox
Batting: LHB Bastyão Lizardo 0-0: Ground out U3 (Groundball, 3L)
Batting: RHB Pat Ings 0-0: Swinging Strike
0-1: Foul Ball, location: 2F
0-2: Foul Ball, location: 2F
0-2: Ball
1-2: Strikes out swinging
Batting: SHB Luis Gutiérrez 0-0: Called Strike
0-1: Ball
1-1: Swinging Strike
1-2: Ground out 1-3 (Groundball, 15S)
Bottom of the 4th over - 0 run(s), 0 hit(s), 0 error(s), 0 left on base; Royse City 6 - Florida 0
TOP OF THE 5TH
Royse City Targaryens batting - Pitching for Florida Men : LHP José Ybarra
Batting: RHB Héctor Ruíz 0-0: Called Strike
0-1: Fly out, F3 (Popup, 4S)
Batting: LHB José Tamayo 0-0: Ground out 4-3 (Groundball, 4)
Batting: LHB Carl Duncan 0-0: Called Strike
0-1: Foul Ball, location: 2F
0-2: Ball
1-2: SOLO HOME RUN (Line Drive, 9D), Distance : 368 ft
Batting: LHB Jerry Wilson 0-0: Called Strike
0-1: Ball
1-1: Ground out 4-3 (Groundball, 34)
Top of the 5th over - 1 run(s), 1 hit(s), 0 error(s), 0 left on base; Royse City 7 - Florida 0
BOTTOM OF THE 5TH
Florida Men batting - Pitching for Royse City Targaryens : LHP Jared Cox
Batting: RHB Frank Collins 0-0: Ball
1-0: Foul Ball, location: 2F
1-1: Called Strike
1-2: Ground out 2-3 (Groundball, 2L)
Batting: RHB Jim Unknown 0-0: Called Strike
0-1: Ball
1-1: Ball
2-1: Foul Ball, location: 2F
2-2: SINGLE (Flyball, 3D)
Batting: RHB Jim Unknown 0-0: Ball
1-0: Ball
2-0: Called Strike
2-1: Grounds into double play, 5-4-3 (Groundball, 56)
Bottom of the 5th over - 0 run(s), 1 hit(s), 0 error(s), 0 left on base; Royse City 7 - Florida 0
TOP OF THE 6TH
Royse City Targaryens batting - Pitching for Florida Men : LHP José Ybarra
Batting: RHB Sancho Balderas 0-0: Ball
1-0: Called Strike
1-1: Swinging Strike
1-2: Reached on error, E6 (Groundball, 6)
Batting: LHB Jorge Garza 0-0: Called Strike
0-1: Fly out, F8 (Popup, 4MD)
Batting: LHB Eduardo Álvarez 0-0: Called Strike
0-1: Swinging Strike
0-2: Ball
1-2: Strikes out swinging
Batting: LHB Aurelio Aurillo 0-0: Ball
Wild Pitch!
Sancho Balderas to third
1-0: Ball
2-0: Fly out, F7 (Flyball, 7D)
Top of the 6th over - 0 run(s), 0 hit(s), 1 error(s), 1 left on base; Royse City 7 - Florida 0
BOTTOM OF THE 6TH
Florida Men batting - Pitching for Royse City Targaryens : LHP Jared Cox
Batting: RHB Gilberto Patino 0-0: Called Strike
0-1: Fly out, F9 (Line Drive, 9S)
Batting: RHB Greg Robinson 0-0: Called Strike
0-1: Ball
1-1: Ground out 3-1 (Groundball, 34)
Batting: RHB Jim Unknown 0-0: Fly out, F8 (Flyball, 8LXD)
Bottom of the 6th over - 0 run(s), 0 hit(s), 0 error(s), 0 left on base; Royse City 7 - Florida 0
TOP OF THE 7TH
Royse City Targaryens batting - Pitching for Florida Men : LHP José Ybarra
Batting: RHB Javier Chávez 0-0: Foul Ball, location: 2F
0-1: Ball
1-1: Foul Ball, location: 2F
1-2: Fly out, F4 (Line Drive, 4)
Batting: RHB Héctor Ruíz 0-0: Called Strike
0-1: Ball
1-1: Ball
2-1: Called Strike
2-2: Ball
3-2: Strikes out looking
Batting: LHB José Tamayo 0-0: Ball
1-0: Foul Ball, location: 2F
1-1: Ball
2-1: Ball
3-1: Fly out, F8 (Flyball, 8RM)
Top of the 7th over - 0 run(s), 0 hit(s), 0 error(s), 0 left on base; Royse City 7 - Florida 0
BOTTOM OF THE 7TH
Florida Men batting - Pitching for Royse City Targaryens : LHP Jared Cox
Batting: LHB Bastyão Lizardo 0-0: Ball
1-0: Fly out, F7 (Line Drive, 7LS)
Batting: RHB Pat Ings 0-0: Ball
1-0: Swinging Strike
1-1: Foul Ball, location: 2F
1-2: SINGLE (Line Drive, 9S)
Pitching: RHP John Hicks
Batting: SHB Luis Gutiérrez 0-0: Fly out, F5 (Popup, 15)
Batting: RHB Frank Collins 0-0: Ball
1-0: Fly out, F8 (Flyball, 8LM)
Bottom of the 7th over - 0 run(s), 1 hit(s), 0 error(s), 1 left on base; Royse City 7 - Florida 0
TOP OF THE 8TH
Royse City Targaryens batting - Pitching for Florida Men : LHP José Ybarra
Batting: LHB Carl Duncan 0-0: Ball
1-0: DOUBLE (Line Drive, 7D)
Batting: LHB Jerry Wilson 0-0: Ball
1-0: Called Strike
1-1: Foul Ball, location: 2F
1-2: Ground out 6-3 (Groundball, 6)
Batting: RHB Sancho Balderas 0-0: Swinging Strike
0-1: Ball
1-1: Called Strike
1-2: Ball
2-2: Ball
3-2: Base on Balls
Batting: LHB Jorge Garza 0-0: Swinging Strike
0-1: Foul Ball, location: 2F
0-2: Strikes out swinging
Batting: LHB Eduardo Álvarez 0-0: Ball
1-0: Foul Ball, location: 2F
1-1: Ball
2-1: Called Strike
2-2: Ground out 1-3 (Groundball, 15)
Top of the 8th over - 0 run(s), 1 hit(s), 0 error(s), 2 left on base; Royse City 7 - Florida 0
BOTTOM OF THE 8TH
Florida Men batting - Pitching for Royse City Targaryens : RHP John Hicks
Batting: RHB Jim Unknown 0-0: Ball
1-0: Swinging Strike
1-1: Ball
2-1: Ball
3-1: SOLO HOME RUN (Flyball, 8LXD), Distance : 439 ft
Batting: RHB Jim Unknown 0-0: Ball
1-0: Called Strike
1-1: Foul Ball, location: 2F
1-2: Fly out, F4 (Line Drive, 34D)
Batting: RHB Gilberto Patino 0-0: Foul Ball, location: 2F
0-1: Foul Ball, location: 2F
0-2: Strikes out swinging
Batting: RHB Greg Robinson 0-0: Ball
1-0: Called Strike
1-1: Ball
2-1: Ball
3-1: Foul Ball, location: 2F
3-2: Foul Ball, location: 2F
3-2: SINGLE (Groundball, 34S)
Batting: RHB Jim Unknown 0-0: Called Strike
0-1: Ball
1-1: Ground out 3-1 (Groundball, 34S)
Bottom of the 8th over - 1 run(s), 2 hit(s), 0 error(s), 1 left on base; Royse City 7 - Florida 1
TOP OF THE 9TH
Royse City Targaryens batting - Pitching for Florida Men : LHP José Ybarra
Pitching: RHP Jim Unknown
Batting: LHB Aurelio Aurillo 0-0: DOUBLE (Flyball, 89XD)
Batting: RHB Javier Chávez 0-0: Called Strike
0-1: Ball
1-1: Ball
2-1: Ball
3-1: Base on Balls
Batting: RHB Héctor Ruíz 0-0: SINGLE (Line Drive, 8LS)
Aurelio Aurillo to third
Javier Chávez to second
Batting: LHB José Tamayo 0-0: DOUBLE (Line Drive, 8RXD)
Aurelio Aurillo scores
Javier Chávez scores
Héctor Ruíz to third
Runner from 3rd tries for Home, SAFE, no throw or cutoff
Batting: LHB Carl Duncan 0-0: Ball
Single, Error in OF, E7, batter to second base
José Tamayo scores
Batting: LHB Jerry Wilson 0-0: Called Strike
0-1: Called Strike
0-2: Ball
1-2: Ball
2-2: Foul Ball, location: 2F
2-2: Strikes out looking
Batting: RHB Sancho Balderas 0-0: Foul Ball, location: 2F
0-1: Swinging Strike
0-2: Fly out, F9 (Flyball, 89M)
Runner from 2nd tags up, OUT at 3rd
Top of the 9th over - 4 run(s), 4 hit(s), 1 error(s), 0 left on base; Royse City 11 - Florida 1
BOTTOM OF THE 9TH
Florida Men batting - Pitching for Royse City Targaryens : RHP John Hicks
Batting: LHB Bastyão Lizardo 0-0: Ball
1-0: Swinging Strike
1-1: SINGLE (Groundball, 3L)
Batting: RHB Pat Ings 0-0: Called Strike
0-1: Foul Ball, location: 2F
0-2: Ball
1-2: Ball
2-2: Ground out 6-3 (Groundball, 56D)
Bastyão Lizardo to second
Batting: SHB Luis Gutiérrez 0-0: Ground out 4-3 (Groundball, 4)
Bastyão Lizardo to third
Batting: RHB Frank Collins 0-0: Called Strike
0-1: Ball
1-1: Ground out 3-1 (Groundball, 34)
Bottom of the 9th over - 0 run(s), 1 hit(s), 0 error(s), 1 left on base; Royse City 11 - Florida 1
This league is powered by Out of the Park Baseball, the baseball management simulation game for PC, Mac and Linux
Friday, July 8th, 2016 - OOTP Baseball 16.9 Build 39